 Dungeon Crawl Stone Soup version 0.31-a0-204-g7da18cac08 (webtiles) character file.

Game seed: 17253784389660808500

57 qw the Shooter (level 3, -2/20 HPs)
             Began as a Deep Elf Hunter on June 27, 2023.
             Slain by a gnoll
             ... wielding a +0 flail
              (3 damage)
             ... on level 2 of the Dungeon.
             The game lasted 00:00:32 (1388 turns).

qw the Shooter (Deep Elf Hunter)                    Turns: 1388, Time: 00:00:32

Health: -2/20      AC:  4    Str: 10    XL:     3   Next: 73%
Magic:  0/5        EV: 12    Int: 13    God:
Gold:   156        SH:  0    Dex: 18    Spells: 2/2 levels left

rFire   . . .        Y - +0 shortbow
rCold   . . .        (shield currently unavailable)
rNeg    . . .        c - +0 leather armour
rPois   .            (no helmet)
rElec   .            d - +0 cloak
rCorr   .            (no gloves)
SInv    .            (no boots)
Will    .....        k - amulet of guardian spirit
Stlth   ++           (no ring)
HPRegen 0.23/turn    (no ring)
MPRegen 0.09/turn

%: guardian spirit
@: about to teleport
A: no striking features
a: no special abilities


You were on level 2 of the Dungeon.
You visited 1 branch of the dungeon, and saw 2 of its levels.

You collected 156 gold pieces.


   Skills:
 - Level 1.5 Fighting
 + Level 7.2 Ranged Weapons
 - Level 2.4 Dodging
 - Level 1.2 Stealth


You had 2 spell levels left.
You didn't know any spells.
Your spell library was empty.

Inventory:

Hand Weapons
 Y - a +0 shortbow (weapon)
Armour
 c - a +0 leather armour (worn)
 d - a +0 cloak (worn)
 j - a +0 ring mail
Jewellery
 k - an amulet of guardian spirit (around neck)
 n - a ring of see invisible
Scrolls
 a - a scroll of fog {unknown}
 b - 2 scrolls of identify
 f - a scroll of enchant weapon {unknown}
 h - a scroll of teleportation
Potions
 e - a potion of curing {unknown}
 g - a potion of mutation {unknown}
 i - a potion of enlightenment {unknown}
 l - a potion of attraction {unknown}
 m - a potion of heal wounds {unknown}

Dungeon Overview and Level Annotations

Branches:
Dungeon (2/15)

Altars:

Shops:
D:1 =


Message History

A gnoll comes into view. It is wielding a +0 spear.
You shoot an arrow.
The arrow hits the gnoll but does no damage.
The gnoll is heavily wounded.
A gnoll comes into view. It is wielding a +0 flail.
You shoot an arrow. The arrow closely misses the gnoll.
The arrow hits the kobold.
You kill the kobold!
You shoot an arrow. The arrow hits the gnoll.
The gnoll is severely wounded.
The gnoll closely misses you.
You shoot an arrow. The arrow closely misses the gnoll. x2
The gnoll hits you with a +0 whip.
You shoot an arrow. The arrow hits the gnoll.
The gnoll is almost dead.
The gnoll hits you with a +0 whip.
You shoot an arrow.
The arrow hits the gnoll but does no damage.
The gnoll is almost dead.
A kobold comes into view. It is wielding a +0 dagger.
The gnoll barely misses you.
The gnoll hits you from afar with a +0 spear!
The gnoll misses you. The gnoll closely misses you.
The gnoll barely misses you.
You shoot an arrow. The kobold shouts!
The arrow hits the gnoll!
You kill the gnoll!
The gnoll hits you from afar with a +0 spear.
The gnoll barely misses you.
You shoot an arrow. The arrow closely misses the gnoll.
The gnoll completely misses you. The gnoll closely misses you.
You shoot an arrow. The arrow hits the gnoll.
The gnoll is moderately wounded.
The gnoll hits you from afar with a +0 spear. x2
The gnoll misses you.
1388 ||| READING 2 scrolls of teleportation.
As you read the scroll of teleportation, it crumbles to dust.
You feel strangely unstable.
The gnoll barely misses you. x2; The gnoll hits you with a +0 flail.
You die...

...## ..... ####
...... #.. ..).. #.#
#...###.## #.Kgg....#
#....)...# #...g@...#
.....#.....+ ..#
####..# ######.%####
####
...........#######...
.......(.............
######......######...
######.....##...
#.......####


You could see 3 gnolls and a kobold.

Vanquished Creatures
  A gnoll (D:2)
  A worm (D:2)
  5 ball pythons (D:1)
  3 bats
  2 endoplasms
  A giant cockroach (D:1)
  2 goblins
  6 hobgoblins
  4 jackals (D:1)
  4 kobolds
  5 quokkas
  3 frilled lizards (D:2)
  4 rats
41 creatures vanquished.

Notes
Turn   | Place    | Note
-------+----------+-------------------------------------------
     0 | D:1      | qw the Deep Elf Hunter began the quest for the Orb.
     0 | D:1      | Reached XP level 1. HP: 12/12 MP: 3/3
     0 | D:1      | 0 ||| qw: Version: 0.3-a-22-g0ed2b0b
     0 | D:1      | 0 ||| qw: Game counter: 6405
     0 | D:1      | 0 ||| qw: Melee chars always use a shield: true
     0 | D:1      | 0 ||| qw: God list: Okawaru
     0 | D:1      | 0 ||| qw: Allow faded altars: false
     0 | D:1      | 0 ||| qw: Do Orc after clearing Dungeon:15 true
     0 | D:1      | 0 ||| qw: Do second Lair branch before Depths: true
     0 | D:1      | 0 ||| qw: Lair rune preference: random
     0 | D:1      | 0 ||| qw: Goals: Normal
     0 | D:1      | 0 ||| PLANNING D:1-11
   114 | D:1      | Found Yzidafir's Jewellery Shoppe.
   129 | D:1      | 129 ||| SHOPLISTING +5 ring of evasion (432 gold, have 50).
   129 | D:1      | 129 ||| SHOPLISTING amulet of faith (480 gold, have 50).
   129 | D:1      | 129 ||| SHOPLISTING amulet of reflection (360 gold, have
                  | 50).
   129 | D:1      | 129 ||| SHOPLISTING amulet of the acrobat (360 gold, have
                  | 50).
   129 | D:1      | 129 ||| SHOPLISTING ring "Xyoschuq" {rF+ Int+7 SInv} (610
                  | gold, have 50).
   129 | D:1      | 129 ||| SHOPLISTING ring of positive energy (240 gold, have
                  | 50).
   304 | D:1      | Reached skill level 6 in Ranged Weapons
   304 | D:1      | Reached XP level 2. HP: 16/16 MP: 4/4
   883 | D:1      | 883 ||| UPGRADING to +0 cloak.
   888 | D:1      | 888 ||| UPGRADING to amulet of guardian spirit.
   893 | D:1      | 893 ||| READING scroll labelled KAC ULELESHEME.
   894 | D:1      | 894 ||| READING scroll labelled EDWOCO QEMATUH.
   899 | D:1      | 899 ||| READING scroll labelled WESIDONEWN.
   900 | D:1      | 900 ||| READING scroll labelled AMACER QAHAR.
   901 | D:1      | 901 ||| DROPPING scroll of butterflies.
   936 | D:2      | Reached XP level 3. HP: 20/20 MP: 5/5
  1078 | D:2      | 1078 ||| FLEEEEING.
  1082 | D:2      | HP: 5/20 [poisoned by a kobold]
  1203 | D:2      | Reached skill level 7 in Ranged Weapons
  1387 | D:2      | HP: 3/20 [gnoll/+0 spear (4)]
  1387 | D:2      | HP: 1/20 [gnoll/+0 spear (2)]
  1388 | D:2      | 1388 ||| READING 2 scrolls of teleportation.
  1388 | D:2      | Slain by a gnoll

Levels and vault maps discovered:
D:1:      lordsloth_arrival_two_stooges, layout_basic, serial_shops, shop,
          minmay_hedge_maze
D:2:      layout_basic, chequers_avenue, nrook_uturn,
          minmay_randomly_rotated_circles

Skill      XL: |  1  2  3 |
---------------+----------+-----
Ranged Weapons | 6 7 |  7.2
Fighting       | |  1.5
Dodging        | |  2.4
Stealth        | |  1.2

Action                     || total
---------------------------++-------
   Fire: Shortbow          ||   122
    Use: Scroll            ||     5
 Armour: Leather armour    ||    17
  Dodge: Dodged            ||    43

Table legend:
 A = Non-vault XP
 B = Vault XP
 C = Vault XP percentage of total XP
 D = Non-vault monster count
 E = Vault monster count
 F = Vault count percentage of total count
                 A         B        C        D         E       F
            +---------+---------+-------+---------+---------+-------
      Total |      71 |      11 |  13.4 |      35 |       6 |  14.6
            +---------+---------+-------+---------+---------+-------
        D:1 |      38 |       0 |   0.0 |      21 |       0 |   0.0
        D:2 |      33 |      11 |  25.0 |      14 |       6 |  30.0
            +---------+---------+-------+---------+---------+-------
